 Dungeon Crawl Stone Soup version 0.20-a0-957-g47ad1fd (webtiles) character file.

65 Leibowitz the Cutter (level 4, 0/27 HPs)
             Began as a Kobold Gladiator on Apr 5, 2017.
             Slain by a gnoll (7 damage)
             ... on level 1 of the Dungeon.
             The game lasted 00:02:21 (1101 turns).

Leibowitz the Cutter (Kobold Gladiator)             Turns: 1101, Time: 00:02:21

Health: 0/27       AC:  4    Str: 11    XL:     4   Next: 35%
Magic:  4/4        EV: 16    Int:  9    God:
Gold:   38         SH:  0    Dex: 17    Spells: 3/3 levels left

rFire    . . .     SeeInvis .   a - +0 rapier
rCold    . . .     Gourm    .   (shield restricted)
rNeg     . . .     Faith    .   b - +0 leather armour
rPois    .         Spirit   .   c - +0 helmet
rElec    .         Reflect  .   (no cloak)
rCorr    .         Harm     .   (no gloves)
MR       .....                  (no boots)
Stlth    ++........             (no amulet)
Regen    0.1/turn               (no ring)
MPRegen  0.1/turn               (no ring)

@: no status effects
A: carnivore 3
a: no special abilities


You were on level 1 of the Dungeon.
You were completely stuffed.

You visited 1 branch of the dungeon, and saw 2 of its levels.

You collected 38 gold pieces.

Inventory:

Hand Weapons
 a - a +0 rapier (weapon)
Missiles
 d - 3 throwing nets (quivered)
Armour
 b - a +0 leather armour (worn)
 c - a +0 helmet (worn)
Scrolls
 e - a scroll of remove curse {unknown}
 g - 4 scrolls of teleportation {unknown}
 i - a scroll of identify {unknown}
 o - a scroll of enchant armour {unknown}
 q - a scroll of fear {unknown}
Potions
 h - 2 potions of lignification {unknown}
 j - 3 potions of curing {unknown}
 l - 2 potions of haste {unknown}
 n - a potion of degeneration {unknown}
 p - 2 potions of cancellation {unknown}
Comestibles
 f - a meat ration
 k - a royal jelly
 m - 5 chunks of flesh


   Skills:
 * Level 2.8 Fighting
 * Level 4.7 Short Blades
 - Level 2.1 Throwing
 * Level 0.5 Armour
 * Level 4.4 Dodging
 * Level 1.7 Stealth


You had 3 spell levels left.
You didn't know any spells.

Dungeon Overview and Level Annotations

Branches:
Dungeon (2/15)

Altars:


Innate Abilities, Weirdness & Mutations

You are small and have problems with some larger weapons.
You are carnivorous and can eat meat at any time.


Message History

You kill the gnoll!
Items here: )) †† a club; a spear; a gnoll corpse x2
Butcher a gnoll corpse? [(y)es/(c)hoosy/(n)o/(a)ll/(e)dible/(q)uit/?]
Butcher a gnoll corpse? [(y)es/(c)hoosy/(n)o/(a)ll/(e)dible/(q)uit/?]
You butcher the gnoll corpse. x2
m - 5 chunks of flesh (gained 2);
m - 8 chunks of flesh (gained 3)
Items here: )) ÷÷ a club; a spear; a gnoll skeleton x2
You start resting.
Some of the chunks of flesh in your inventory have rotted away.
A gnoll comes into view.
Items here: )) ÷÷ a club; a spear; a gnoll skeleton x2
You barely miss the gnoll.
The gnoll shouts!
The gnoll hits you.
* * * LOW HITPOINT WARNING * * *
You barely miss the gnoll. The gnoll hits you!
You die...

#.########.# #.########.#
#.#.....##(#####
#.#.###.##..(... #.#.#
#.######## #.#.# #.#
#.#.# #.# ###
#########.#)###.######..
#.....)@g>[.............
#)#############.####....
#.# #.......##...##....
#.# #.#####.##...##....
#.# #.#.....)#...##....
#.# #.########.####....
#.# #..........# #....
##.##################....
#.......................#


You could see a gnoll.

Vanquished Creatures
  3 gnolls (D:1)
  2 oozes (D:1)
  A leopard gecko (D:1)
  A giant cockroach (D:1)
  2 goblins (D:1)
  6 hobgoblins (D:1)
  2 jackals (D:1)
  A bat (D:1)
  A frilled lizard (D:1)
  5 kobolds (D:1)
  4 rats (D:1)
28 creatures vanquished.

Notes
Turn   | Place    | Note
-------+----------+-------------------------------------------
     0 | D:1      | Leibowitz the Kobold Gladiator began the quest for the Orb.
     0 | D:1      | Reached XP level 1. HP: 12/12 MP: 1/1
   492 | D:1      | Reached XP level 2. HP: 15/17 MP: 2/2
   693 | D:1      | Reached skill level 1 in Stealth
   795 | D:1      | Reached XP level 3. HP: 20/22 MP: 3/3
  1015 | D:1      | Reached XP level 4. HP: 11/27 MP: 4/4
  1101 | D:1      | Slain by a gnoll

Vault maps used:
D:1:      minmay_arrival_widening_spiral_wide

Skill      XL: |  1  2 |
---------------+-------+-----
Dodging        | 4 |  4.4
Stealth        | 1 |  1.7
Fighting       | |  2.8
Short Blades   | |  4.7
Throwing       | |  2.1
Armour         | |  0.5

Action                   |  1- 3 |  4- 6 || total
-------------------------+-------+-------++-------
Melee: Rapier            |    78 |     8 ||    86
 Stab: Sleeping          |     1 |       ||     1
  Eat: Chunk             |     9 |       ||     9
Armor: Leather armour    |     8 |       ||     8
Dodge: Dodged            |    49 |     2 ||    51
